 Dungeon Crawl Stone Soup version 0.23.2-30-g0e89c35649 (webtiles) character file.

Game seed: 9594251654171273891

55 troglodite the Sneak (level 4, 0/27 HPs)
             Began as a Kobold Assassin on June 18, 2019.
             Slain by a shadow imp (1 damage)
             ... summoned by Natasha
             ... on level 2 of the Dungeon.
             The game lasted 00:04:37 (1372 turns).

troglodite the Sneak (Kobold Assassin)              Turns: 1372, Time: 00:04:38

Health: 0/27       AC:  3    Str:  8    XL:     4   Next: 14%
Magic:  4/4        EV: 14    Int: 13    God:
Gold:   30         SH:  0    Dex: 16    Spells: 3/3 levels left

rFire    . . .     SeeInvis .   i - +3 dagger
rCold    . . .     Gourm    .   (shield restricted)
rNeg     . . .     Faith    .   c - +0 robe
rPois    .         Spirit   .   (no helmet)
rElec    .         Reflect  .   d - +0 cloak
rCorr    .         Harm     .   (no gloves)
MR       .....                  (no boots)
Stlth    ++++......             m - amulet of inaccuracy (curse)
HPRegen  0.09/turn              (no ring)
MPRegen  0.09/turn              (no ring)

@: no status effects
A: small, carnivore
a: no special abilities


You were on level 2 of the Dungeon.
You were very full.

You visited 1 branch of the dungeon, and saw 2 of its levels.

You collected 30 gold pieces.

Inventory:

Hand Weapons
 b - a +0 blowgun
 i - a +3 dagger (weapon)
Missiles
 e - 8 poisoned needles
 f - 2 curare-tipped needles
 h - 2 throwing nets (quivered)
Armour
 c - a +0 robe (worn)
 d - a +0 cloak (worn)
Jewellery
 m - a cursed amulet of inaccuracy (around neck)
Scrolls
 j - a scroll of remove curse {unknown}
 n - a scroll of identify {unknown}
 o - a scroll of amnesia {unknown}
 p - a scroll of fear {unknown}
 q - 2 scrolls of teleportation {unknown}
Potions
 a - 2 potions of curing {unknown}
 k - a potion of mutation {unknown}
 r - a potion of flight {unknown}
Comestibles
 g - 4 rations
 l - 5 chunks of flesh


   Skills:
 * Level 2.6 Fighting
 * Level 2.8 Short Blades
 + Level 2.2 Throwing
 * Level 1.4 Dodging
 * Level 6.9 Stealth
 * Level 0.3 Spellcasting


You had 3 spell levels left.
You didn't know any spells.
Your spell library was empty.

Dungeon Overview and Level Annotations

Branches:
Dungeon (2/15)

Altars:

Annotations:
D:2 Natasha


Innate Abilities, Weirdness & Mutations

You are small and have problems with some larger weapons.
You are carnivorous and can eat meat at any time.


Message History

The iron imp shouts, "Abandon hope, thou grime-gilt spur-galled swadder!"
Natasha claws you.
* * * LOW HITPOINT WARNING * * *
The iron imp disappears in a puff of smoke!
You hit Natasha.
Natasha is moderately wounded.
Natasha claws you.
* * * LOW HITPOINT WARNING * * *
You miss Natasha.
Natasha is moderately wounded.
Natasha casts a spell.
You hit Natasha.
Natasha is heavily wounded.
Natasha wildly gestures.
Natasha's front paws start to glow.
Natasha closely misses you.
You hit Natasha.
Natasha is almost dead.
The shadow imp hits you.
You die...

##....''.8.''...#
##..##...##....##
#..##..÷##..##..#
#..##...##..####.#
..##.8.##.†## #.#
.# ##+##.)## #)#
#+# . .......##
#.# #.# #######
#h# ##.#######+##
#@# #...........#
#5## #..#####....#
#..# #..# #....#
##.###..# #....#
#..##..# #.....
##.##..# #.....
#..#..#########.
##.#..........#.
#............#.


You could see Natasha and a shadow imp.

Vanquished Creatures
  An ooze (D:2)
  2 dart slugs (D:2)
  2 leopard geckos (D:1)
  3 ball pythons (D:1)
  3 giant cockroaches (D:2)
  5 hobgoblins (D:1)
  A quokka (D:2)
  5 bats (D:1)
  2 frilled lizards (D:2)
  4 goblins
  8 kobolds
  8 rats
44 creatures vanquished.

Notes
Turn   | Place    | Note
-------+----------+-------------------------------------------
     0 | D:1      | troglodite the Kobold Assassin began the quest for the Orb.
     0 | D:1      | Reached XP level 1. HP: 12/12 MP: 1/1
    87 | D:1      | Reached XP level 2. HP: 17/17 MP: 2/2
   239 | D:1      | Reached skill level 6 in Stealth
   360 | D:1      | Reached XP level 3. HP: 17/21 MP: 3/3
  1235 | D:2      | Reached XP level 4. HP: 19/27 MP: 4/4
  1334 | D:2      | Noticed Natasha
  1369 | D:2      | HP: 1/27 [Natasha (2)]
  1372 | D:2      | Slain by a shadow imp

Skill      XL: |  1  2 |
---------------+-------+-----
Stealth        | 6 |  6.9
Fighting       | |  2.6
Short Blades   | |  2.8
Throwing       | |  2.2
Dodging        | |  1.4
Spellcasting   | |  0.3

Action                   |  1- 3 |  4- 6 || total
-------------------------+-------+-------++-------
Melee: Dagger            |   109 |    43 ||   152
 Stab: Sleeping          |     8 |       ||     8
  Eat: Chunk             |     9 |       ||     9
Armor: Robe              |    10 |     3 ||    13
Dodge: Dodged            |    55 |    31 ||    86
